 Dungeon Crawl Stone Soup version 0.17-a0-1946-gfb768fe (webtiles) character file.

128 shakdrar the Cudgeler (level 5, -1/33 HPs)
             Began as a Gargoyle Berserker on Oct 1, 2015.
             Was a Believer of Trog.
             Killed by divine providence
             ... invoked by an orc priest
              (10 damage)
             ... on level 3 of the Dungeon.
             The game lasted 00:05:50 (1484 turns).

shakdrar the Cudgeler (Gargoyle Berserker)          Turns: 1484, Time: 00:05:51

Health: -1/33      AC: 11    Str: 21    XL:     5   Next: 11%
Magic:  5/5        EV: 11    Int:  8    God:    Trog [**....]
Gold:   101        SH:  0    Dex:  9    Spells: 0 memorised, 4 levels left

rFire  . . .     SeeInvis .     a - +1 mace
rCold  . . .     Clarity  .     n - +0 ring mail
rNeg   + . .     SustAt   .     (no shield)
rPois  ∞         Gourm    .     (no helmet)
rElec  +         Spirit   .     e - +0 cloak
rCorr  .         Warding  .     (no gloves)
rMut   .         Stasis   .     o - +0 pair of boots
MR     .....                    (no amulet)
Stlth  ..........               (no ring)
                                (no ring)

@: confused, not resistant to hostile enchantments, extremely unstealthy
A: negative energy resistance 1, electricity resistance, unbreathing,
petrification resistance, rot immunity, AC +4
a: Burn Spellbooks, Berserk, Trog's Hand, Renounce Religion


You were on level 3 of the Dungeon.
You worshipped Trog.
Trog was pleased with you.
You were not hungry.

You visited 1 branch of the dungeon, and saw 3 of its levels.

You collected 101 gold pieces.

Inventory:

Hand weapons
 a - a +1 mace (weapon)
Armour
 b - a +0 animal skin
 e - a +0 cloak (worn)
 n - a +0 ring mail (worn)
 o - a +0 pair of boots (worn)
Scrolls
 f - 2 scrolls of immolation
Potions
 g - 2 potions of ambrosia {unknown}
 h - a potion of lignification {unknown}
 i - a potion of might {unknown}
 j - a potion of agility {unknown}
 k - a potion of curing {unknown}
 m - a potion of degeneration {unknown}
Comestibles
 c - 3 bread rations
 d - a chunk of flesh
 l - a fruit


   Skills:
 + Level 4.1 Fighting
 * Level 4.4 Maces & Flails
 + Level 2.9 Armour
 + Level 2.1 Dodging


You had 4 spell levels left.
You didn't know any spells.

Dungeon Overview and Level Annotations

Branches:
Dungeon (3/15)

Altars:
Zin


Innate Abilities, Weirdness & Mutations

You are resistant to torment.
Your stone body is resilient (AC +4).
You are immune to poison.
You resist negative energy.
You are resistant to electric shocks.
You can survive without breathing.
You are immune to petrification.
You are immune to rotting.


Message History

The orc priest hits you but does no damage.
The orc wizard hits you but does no damage.
You hear some strange, mumbled words.
You are confused.
You closely miss the orc priest.
The orc wizard gestures at you while chanting.
The magic dart hits you!
The orc priest hits you but does no damage.
Something hits you but does no damage.
The orc priest calls down the wrath of Beogh upon you.
Pain shoots through your body! Something barely misses you.
The orc wizard barely misses you. The orc wizard casts a spell at you.
The magic dart hits you!
* * * LOW HITPOINT WARNING * * *
You hit the orc priest.
The orc priest is lightly wounded.
The orc priest invokes the aid of Beogh against you.
Something smites you!
You die...

######## ##......##
##........## ####
#..........## ....##
#...........#####
.....####...............##
......#.).......@........#
........#.....o.o.8..#...#
.....<####..........###..#
......# #........8..#.#.##
......# #......)....'_#.#
........>........8..#.#.#
....###.............###.#
#### #...........8..#..#
#................##


You could see an orc priest and an orc wizard.

Vanquished Creatures
  Crazy Yiuf (D:2)
  A hound (D:2)
  2 adders (D:2)
  An orc (D:3)
  3 ball pythons (D:1)
  5 bats
  4 giant cockroaches
  6 goblins
  5 hobgoblins
  7 jackals
  3 giant geckos
  2 giant newts (D:2)
  3 kobolds
  A quokka (D:3)
  6 rats
50 creatures vanquished.

Notes
Turn   | Place    | Note
--------------------------------------------------------------
     0 | D:1      | shakdrar the Gargoyle Berserker began the quest for the Orb.
     0 | D:1      | Reached XP level 1. HP: 14/14 MP: 1/1
   170 | D:1      | Reached XP level 2. HP: 19/19 MP: 2/2
   656 | D:1      | Acquired Trog's second power
   667 | D:1      | Reached XP level 3. HP: 21/23 MP: 3/3
  1194 | D:2      | Noticed Crazy Yiuf
  1201 | D:2      | Killed Crazy Yiuf
  1201 | D:2      | Reached skill level 4 in Fighting
  1201 | D:2      | Reached XP level 4. HP: 29/29 MP: 4/4
  1399 | D:2      | Reached XP level 5. HP: 31/33 MP: 5/5
  1451 | D:3      | Found a glowing silver altar of Zin.
  1484 | D:3      | Killed from afar by an orc priest

Vault maps used:
D:1:      co_arrival_square_in_a_square_in_a_square
D:2:      uniq_crazy_yiuf_cottage
D:3:      nicolae_overflow_crystal_walls, zin_statuary, first_bread,
          uniq_sigmund, uniq_robin

Action                   |  1- 3 |  4- 6 || total
-------------------------+-------+-------++-------
Melee: Mace              |    78 |    34 ||   112
Invok: Berserk           |     1 |       ||     1
  Use: Scroll            |     4 |       ||     4
 Stab: Sleeping          |     1 |       ||     1
  Eat: Chunk             |     1 |     2 ||     3
